 Dungeon Crawl Stone Soup version 0.20-a0-1039-gf554463 (console) character file.

235 nht the Slasher (level 5, -11/58 HPs)
             Began as a Vampire Berserker on Apr 22, 2017.
             Was an Elder of Trog.
             Mangled by a sickly merfolk siren
             ... wielding a +0 trident
              (21 damage)
             ... in a sewer.
             The game lasted 00:04:23 (2434 turns).

nht the Slasher (Vampire Berserker)                 Turns: 2434, Time: 00:04:24

Health: -11/58     AC:  5    Str: 21    XL:     5   Next: 76%
Magic:  5/5        EV: 12    Int: 10    God:    Trog [****..]
Gold:   100        SH:  0    Dex: 14    Spells: 4/4 levels left

rFire    . . .     SeeInvis +   g - -2 hand axe (curse)
rCold    + . .     Gourm    .   (no shield)
rNeg     . . .     Faith    .   b - +0 animal skin
rPois    .         Spirit   .   m - +2 helmet
rElec    .         Reflect  .   q - scarf {rC+}
rCorr    .         Harm     .   (no gloves)
MR       .....                  (no boots)
Stlth    ..........             (no amulet)
Regen    0.4/turn               i - ring of loudness (curse)
MPRegen  0.1/turn               (no ring)

@: berserking (expiring), regenerating quickly, very quick
A: fangs 3, see invisible, unbreathing
a: Berserk, Trog's Hand, Brothers in Arms, Burn Spellbooks, Renounce Religion


You were in a sewer.
You worshipped Trog.
Trog was greatly pleased with you.
You were full.

You visited 1 branch of the dungeon, and saw 3 of its levels.
You also visited: Sewer.

You collected 100 gold pieces.

Inventory:

Hand Weapons
 a - a +0 falchion
 e - a +1 dagger of protection
 g - a cursed -2 hand axe (weapon)
Armour
 b - a +0 animal skin (worn)
 m - a +2 helmet (worn)
 q - a scarf of cold resistance (worn)
Jewellery
 i - a cursed ring of loudness (left hand)
 o - a +3 ring of protection {unknown}
Wands
 l - a wand of random effects (28/48)
Scrolls
 d - 3 scrolls of teleportation
 h - a scroll of enchant armour
Potions
 c - 28 potions of blood
 f - a potion of flight
 j - a potion of cancellation {unknown}
 n - a potion of agility {unknown}
 p - a potion of heal wounds {unknown}


   Skills:
 - Level 2.6 Fighting
 + Level 6.5 Long Blades
 - Level 1.5 Armour
 - Level 2.1 Dodging


You had 4 spell levels left.
You didn't know any spells.

Dungeon Overview and Level Annotations

Branches:
Dungeon (3/15)

Altars:


Innate Abilities, Weirdness & Mutations

Your natural rate of healing is unusually fast.
You have razor-sharp teeth.
You have supernaturally acute eyesight. (SInv)
You can survive without breathing.


Message History

You kill the adder!
Trog accepts your kill.
The leopard gecko bites you but does no damage.
The sickly merfolk siren closely misses you.
You barely miss the leopard gecko. Your bite misses the leopard gecko.
You barely miss the rat.
The leopard gecko bites you but does no damage.
The sickly merfolk siren closely misses you.
The rat closely misses you. The leopard gecko bites you.
* * * LOW HITPOINT WARNING * * *
You barely miss the leopard gecko. You hit the rat.
The sickly merfolk siren barely misses you.
The leopard gecko bites you but does no damage.
The rat closely misses you.
You hit the leopard gecko.
The leopard gecko is almost dead.
You barely miss the rat. The leopard gecko bites you.
* * * LOW HITPOINT WARNING * * *
The sickly merfolk siren hits you from afar with a trident!!
You die...

██ █... ...≈≈
███████m..≈≈≈
█....@l.≈≈≈≈≈
█.██≈≈r≈≈≈≈≈≈
█.█≈≈≈███≈███
████████████≈≈≈███
..
.≈≈≈≈≈≈≈≈≈≈≈≈≈≈█ $
≈≈≈≈≈≈██████████


█████████ ..≈≈≈≈∩∩█ ██.≈≈≈███ You could see a sickly merfolk siren, a leopard
gecko and a rat.

Vanquished Creatures
  An orc wizard (D:3)
  Robin (D:2)
  5 adders
  A river rat (Sewer)
  3 oozes
  3 dart slugs
  6 leopard geckos
  7 orcs (D:3)
  2 giant cockroaches
  16 goblins
  7 hobgoblins
  11 jackals
  10 kobolds
  2 quokkas
  4 ball pythons
  6 bats
  4 frilled lizards
  22 rats
111 creatures vanquished.

Notes
Turn   | Place    | Note
-------+----------+-------------------------------------------
     0 | D:1      | nht the Vampire Berserker began the quest for the Orb.
     0 | D:1      | Reached XP level 1. HP: 17/17 MP: 1/1
    81 | D:1      | Reached XP level 2. HP: 21/23 MP: 2/2
   260 | D:1      | Reached skill level 4 in Long Blades
   403 | D:1      | Reached XP level 3. HP: 28/28 MP: 3/3
   501 | D:1      | Reached ** piety under Trog
  1043 | D:2      | Noticed Robin
  1058 | D:2      | Reached XP level 4. HP: 33/34 MP: 4/4
  1062 | D:2      | Killed Robin
  1062 | D:2      | Reached skill level 5 in Long Blades
  1175 | D:2      | Reached *** piety under Trog
  1926 | D:2      | Reached XP level 5. HP: 27/39 MP: 5/5
  2208 | D:3      | Reached skill level 6 in Long Blades
  2286 | D:3      | Found a glowing drain.
  2297 | Sewer    | Entered a sewer
  2307 | Sewer    | Reached **** piety under Trog
  2434 | Sewer    | Mangled by a sickly merfolk siren

Vault maps used:
D:1:      matt_arrival_refuge
D:2:      uniq_robin
D:3:      portal_sewer_entry_e, lightli_corner_chamber, uniq_terence
Sewer:    sewer_sea

Skill      XL: |  1  2  3  4  5 |
---------------+----------------+-----
Long Blades    | 4 5 6 |  6.5
Fighting       | |  2.6
Armour         | |  1.5
Dodging        | |  2.1

Action                   |  1- 3 |  4- 6 || total
-------------------------+-------+-------++-------
Melee: Falchion          |    41 |       ||    41
       Bite              |    13 |    26 ||    39
       Hand axe          |    75 |   202 ||   277
Invok: Berserk           |     5 |     6 ||    11
  Use: Potion            |     8 |     4 ||    12
       Scroll            |     4 |       ||     4
 Stab: Sleeping          |     1 |       ||     1
  Eat: Corpse            |     5 |     8 ||    13
Armor: Animal skin       |    37 |   107 ||   144
Dodge: Dodged            |    83 |   190 ||   273
       Rpst.: Falchion   |    11 |       ||    11
